 Dungeon Crawl Stone Soup version 0.27-a0-824-gca8104f8d5 (webtiles) character file.

Game seed: 7007046422636900611

1934 LabCoat the Cleaver (level 9, -9/74 HPs)
             Began as a Hill Orc Fighter on Mar 30, 2021.
             Was an Initiate of Trog.
             Mangled by an orc warrior
             ... wielding a +0 glaive
              (15 damage)
             ... on level 7 of the Dungeon.
             The game lasted 00:19:53 (7232 turns).

LabCoat the Cleaver (Hill Orc Fighter)              Turns: 7232, Time: 00:19:54

Health: -9/74      AC: 16    Str: 22    XL:     9   Next: 17%
Magic:  9/9        EV:  6    Int:  8    God:    Trog [......]
Gold:   231        SH: 12    Dex: 10    Spells: 8/8 levels left

rFire    . . .     SeeInvis .   a - +0 war axe
rCold    . . .     Faith    .   c - +2 kite shield
rNeg     . . .     Spirit   .   x - +0 chain mail
rPois    .         Reflect  .   b - +2 hat
rElec    .         Harm     .   q - +0 cloak
rCorr    .         Rampage  .   (no gloves)
Will     .....                  f - +1 pair of boots {Stlth+}
Stlth    ..........             (no amulet)
HPRegen  0.22/turn              (no ring)
MPRegen  0.11/turn              (no ring)

@: brilliant
A: no striking features
a: Renounce Religion


You were on level 7 of the Dungeon.
You worshipped Trog.
Trog was noncommittal.
You visited 2 branches of the dungeon, and saw 8 of its levels.

You collected 231 gold pieces.

Inventory:

Hand Weapons
 a - a +0 war axe (weapon)
 h - a +0 flail
 i - a +0 flail
 r - a +2 mace of protection
 s - a +0 hand crossbow
Missiles
 g - 11 boomerangs
 n - 15 poisoned darts (quivered)
 t - 53 bolts
 v - 2 throwing nets
Armour
 b - a +2 hat (worn)
 c - a +2 kite shield (worn)
 f - a +1 pair of boots of stealth (worn)
 j - a scarf of repulsion
 q - a +0 cloak (worn)
 x - a +0 chain mail (worn)
Wands
 p - a wand of digging (5)
 y - a wand of flame (16)
Scrolls
 d - a scroll of teleportation {unknown}
 e - 2 scrolls of blinking
 m - 2 scrolls of amnesia
Potions
 l - a potion of lignification {unknown}
 u - a potion of attraction {unknown}
 w - 2 potions of brilliance


   Skills:
 + Level 5.4 Fighting
 * Level 11.2 Axes
 + Level 2.2 Throwing
 + Level 6.6 Armour
 + Level 5.4 Shields


You had 8 spell levels left.
You didn't know any spells.
Your spell library contained the following spells:

 Spells                   Type           Power      Damage    Failure   Level
 Corona                   Hex            0%         N/A       100%        1
 Ensorcelled Hibernation  Hex/Ice        0%         N/A       100%        2
 Slow                     Hex            0%         N/A       100%        2
 Confusing Touch          Hex            0%         N/A       100%        3
 Dazzling Flash           Conj/Hex       0%         N/A       100%        3
 Inner Flame              Hex/Fire       0%         N/A       100%        3
 Portal Projectile        Hex/Tloc       0%         N/A       100%        3
 Tukima's Dance           Hex            0%         N/A       100%        3
 Cause Fear               Hex            0%         N/A       100%        4
 Leda's Liquefaction      Hex/Erth       0%         N/A       100%        4


Dungeon Overview and Level Annotations

Branches:
Dungeon (7/15)             Temple (1/1) D:7

Altars:
Ashenzari
Cheibriados
Dithmenos
Fedhas
Hepliaklqana
Kikubaaqudgha
Makhleb
Nemelex Xobeh
Okawaru
Qazlal
Ru
Trog
Uskayaw
Wu Jian
Xom
Zin


Message History

The orc warrior is moderately wounded.
The orc warrior hits you with a +0 glaive!
You slash the orc warrior!
The orc warrior is heavily wounded.
The orc warrior closely misses you.
You closely miss the orc warrior.
The orc warrior is heavily wounded.
You barely miss the orc warrior.
The orc warrior is heavily wounded.
You block the orc warrior's attack.
You hit the orc warrior but do no damage.
The orc warrior is heavily wounded.
The orc warrior hits you but does no damage.
Your shield prevents you from hitting the orc warrior.
The orc warrior is heavily wounded.
You block the orc warrior's attack.
You closely miss the orc warrior.
The orc warrior is heavily wounded.
The orc warrior hits you with a +0 glaive!
* * * LOW HITPOINT WARNING * * *
You hear a shout!
You feel better.
You hear a shout! x3
You hit the orc warrior.
The orc warrior is severely wounded.
You block the orc warrior's attack.
The orc warrior hits you with a +0 glaive.
* * * LOW HITPOINT WARNING * * *
It was a potion of brilliance.
You feel clever all of a sudden.
The orc warrior hits you with a +0 glaive!
* * * LOW HITPOINT WARNING * * *
You feel better.
The orc warrior hits you with a +0 glaive.
* * * LOW HITPOINT WARNING * * *
You barely miss the orc warrior.
The orc warrior is heavily wounded.
An orc comes into view. It is wielding a +0 dagger.
The orc warrior hits you with a +0 glaive!
You die...

## #.# ..#
#.# ###.#
# #.o##
#.##.#.##
#.....)@#
####.###o#
#.# #{#
#.# ##
###.#
#...#
#.### ..
##.## ..
##...##
##.


You could see an orc warrior and an orc.

Vanquished Creatures
  5 yaks (D:6)
  A water moccasin (D:5)
  A black bear (D:7)
  2 ogres
  A phantom (D:5)
  A centaur (D:4)
  2 electric eels (D:6)
  A jelly (D:6)
  2 orc priests
  4 hounds
  Crazy Yiuf (D:3)
  3 centaur skeletons
  Ijyb (D:3)
  Natasha (thrice) (D:3 D:6)
  A howler monkey zombie (D:5)
  7 adders
  3 gnolls
  An ufetubus (D:6)
  An adder skeleton (D:4)
  A worm (D:3)
  5 dart slugs
  9 orcs
  6 ball pythons
  6 bats
  7 endoplasms
  2 giant cockroaches
  4 goblins
  2 hobgoblins
  8 quokkas
  4 frilled lizards
  7 kobolds
  7 rats
109 creatures vanquished.

Vanquished Creatures (others)
  An adder (D:3)
  19 plants
20 creatures vanquished.

Grand Total: 129 creatures vanquished

Notes
Turn   | Place    | Note
-------+----------+-------------------------------------------
     0 | D:1      | LabCoat the Hill Orc Fighter began the quest for the Orb.
     0 | D:1      | Reached XP level 1. HP: 19/19 MP: 1/1
   416 | D:1      | Reached XP level 2. HP: 25/27 MP: 2/2
   496 | D:1      | Reached skill level 3 in Axes
   577 | D:1      | Reached XP level 3. HP: 33/33 MP: 3/3
   910 | D:2      | Found a blossoming altar of Fedhas.
  1013 | D:2      | Found an ornate altar of the Wu Jian Council.
  1024 | D:2      | Reached skill level 4 in Axes
  1024 | D:2      | Reached XP level 4. HP: 12/40 MP: 4/4
  1254 | D:2      | You fall into a shaft and drop 1 floor!
  1415 | D:2      | Found a shadowy altar of Dithmenos.
  2339 | D:3      | Noticed Natasha
  2357 | D:3      | Killed Natasha
  2358 | D:3      | Reached skill level 5 in Axes
  2358 | D:3      | Reached XP level 5. HP: 13/46 MP: 5/5
  2574 | D:3      | Noticed Natasha
  2653 | D:3      | Found an ornate altar of the Wu Jian Council.
  2681 | D:3      | Noticed Ijyb
  2692 | D:3      | Killed Ijyb
  2769 | D:3      | Found a runed translucent door.
  2770 | D:3      | Noticed Crazy Yiuf
  3084 | D:3      | Killed Crazy Yiuf
  3559 | D:4      | Reached skill level 6 in Axes
  3665 | D:4      | Reached XP level 6. HP: 47/53 MP: 6/6
  3891 | D:4      | Identified a scroll of acquirement
  3893 | D:4      | Acquired a +1 pair of boots of stealth
  4232 | D:4      | Reached skill level 7 in Axes
  4232 | D:4      | Reached XP level 7. HP: 44/60 MP: 7/7
  4495 | D:5      | Entered Level 5 of the Dungeon
  4723 | D:5      | Reached skill level 1 in Throwing
  4752 | D:5      | Found a hazy altar of Hepliaklqana.
  4804 | D:5      | Reached skill level 8 in Axes
  4804 | D:5      | Reached skill level 5 in Armour
  5092 | D:5      | Found a hide-covered altar of Uskayaw.
  5206 | D:5      | Found a glowing silver altar of Zin.
  5406 | D:6      | Reached XP level 8. HP: 29/67 MP: 8/8
  5657 | D:6      | Killed Natasha
  5658 | D:6      | Reached skill level 9 in Axes
  5767 | D:6      | Found a snail-covered altar of Cheibriados.
  5815 | D:6      | Noticed Natasha
  5825 | D:6      | Killed Natasha
  6393 | D:7      | Found a staircase to the Ecumenical Temple.
  6393 | D:7      | Noticed a yak
  6393 | D:7      | Noticed a yak
  6396 | D:7      | Noticed a yak
  6398 | D:7      | Noticed a yak
  6398 | D:7      | Noticed a yak
  6410 | D:6      | Killed a yak
  6411 | D:6      | Reached skill level 5 in Fighting
  6411 | D:6      | Reached skill level 5 in Shields
  6413 | D:6      | Killed a yak
  6414 | D:6      | Reached skill level 10 in Axes
  6584 | D:6      | Killed a yak
  6589 | D:6      | Killed a yak
  6594 | D:6      | Killed a yak
  6595 | D:6      | Reached skill level 11 in Axes
  6595 | D:6      | Reached XP level 9. HP: 28/74 MP: 9/9
  6819 | Temple   | Entered the Ecumenical Temple
  6879 | Temple   | Became a worshipper of Trog the Wrathful
  7230 | D:7      | HP: 2/74 [orc warrior/+0 glaive (11)]
  7232 | D:7      | Mangled by an orc warrior

Illustrated notes

Levels and vault maps discovered:
D:1:      dpeg_arrival_shelter, layout_basic, hangedman_decor_riveting
D:2:      wad_woods_stonehenge, layout_loops_ring, overflow_temple_1_default,
          fedhas_altar_2
D:3:      layout_loops_ring, pdpol_wu_jian_five_deadly_venoms,
          lemuel_flame_loot_1, uniq_ijyb, uniq_natasha, uniq_crazy_yiuf_cottage
D:4:      layout_basic
D:5:      layout_gridville, old_standard_altar, kennysheep_mini_moat,
          overflow_temple_1_default, st_stairs_10
D:6:      layout_rooms, basic_altar, serial_bayou_lake_a
D:7:      layout_loops_cross, nicolae_overflow_crystal_walls,
          nicolae_overflow_hidden_temple, temple_fountains
Temple:   dpeg_chambers_temple

Skill      XL: |  1  2  3  4  5  6  7  8 |
---------------+-------------------------+-----
Axes           | 3 4 5 6 7 8 11 | 11.2
Fighting       | 4 5 |  5.4
Armour         | 4 5 6 |  6.6
Shields        | 4 5 |  5.4
Throwing       | 1 2 |  2.2

Action                   |  1- 3 |  4- 6 |  7- 9 || total
-------------------------+-------+-------+-------++-------
Melee: War axe           |    73 |   152 |   131 ||   356
Throw: Throwing net      |       |     5 |       ||     5
       Dart              |       |    14 |    22 ||    36
  Use: Potion            |     1 |     2 |     5 ||     8
       Scroll            |       |     6 |     3 ||     9
Armor: Scale mail        |    43 |    74 |    36 ||   153
       Chain mail        |       |       |    42 ||    42
Dodge: Dodged            |    26 |    59 |    32 ||   117
Block: Kite shield       |    39 |    93 |    96 ||   228

Table legend: (Time is in decaauts)
 A = Elapsed time spent in this place.
 B = Non-inter-level travel time spent in this place.
 C = Inter-level travel time spent in this place.
 D = Time resting spent in this place.
 E = Time spent auto-exploring this place.
 F = Levels seen in this place.
 G = Mean time per level.
                   A        B        C        D        E       F      G
               +--------+--------+--------+--------+--------+-----+--------+
         Total |   7423 |   7175 |    248 |   2414 |   3466 |   8 |  927.9 |
       Dungeon |   7216 |   6979 |    237 |   2414 |   3296 |   7 | 1030.9 |
        Temple |    206 |    195 |     11 |      0 |    170 |   1 |  206.0 |
               +--------+--------+--------+--------+--------+-----+--------+

Top non-repeatable levels by time:
     D:3: 1538 daAuts
     D:6: 1450 daAuts
     D:4: 1077 daAuts
     D:2: 1060 daAuts
     D:1: 936 daAuts
     D:5: 911 daAuts
     D:7: 239 daAuts
  Temple: 206 daAuts
